 Dungeon Crawl Stone Soup version 0.31-a0-1074-g0b22e4e0f1 (webtiles) character file.

Game seed: 16084206912611474931

385 grandjackal the Ducker (level 6, -7/48 HPs)
             Began as a Demonspawn Gladiator on Nov 28, 2023.
             Killed from afar by Dowan (14 damage)
             ... with a stone arrow
             ... on level 5 of the Dungeon.
             The game lasted 00:03:58 (3847 turns).

grandjackal the Ducker (Demonspawn Gladiator)       Turns: 3847, Time: 00:03:59

Health: -7/48      AC: 15    Str: 20    XL:     6   Next: 48%
Magic:  6/6        EV: 13    Int: 12    God:
Gold:   253        SH:  0    Dex: 19    Spells: 5/5 levels left

rFire   . . .        a - +0 long sword
rCold   . . .        (no shield)
rNeg    . . .        A - +3 ring mail "Azxasin" {Rampage Will+ Int+2 Dex+3}
rPois   .            (helmet restricted)
rElec   .            h - +0 cloak
rCorr   .            (no gloves)
SInv    .            (no boots)
Will    +....        (no amulet)
Stlth   +            n - +6 ring of strength
HPRegen 0.28/turn    (no ring)
MPRegen 0.10/turn

%: rampage
@: sanguine armoured
A: horns 1, powered by death 1, sanguine armour 1, demonic magic 1
a: no special abilities


You were on level 5 of the Dungeon.
You visited 1 branch of the dungeon, and saw 5 of its levels.

You collected 253 gold pieces.

Inventory:

Hand Weapons
 a - a +0 long sword (weapon)
 o - a +1 dagger of venom
Missiles
 c - 7 poisoned darts (quivered)
 d - 3 throwing nets
 e - 3 javelins
Armour
 h - a +0 cloak (worn)
 k - a +0 ring mail
 A - the +3 ring mail "Azxasin" (worn) {Rampage Will+ Int+2 Dex+3}
   (You found it on level 4 of the Dungeon)

   Int+2:     It affects your intelligence (+2).
   Dex+3:     It affects your dexterity (+3).
   Will+:     It increases your willpower.
   Rampage:   It bestows one free step when moving towards enemies.
Jewellery
 n - a +6 ring of strength (left hand)
Wands
 m - a wand of acid (5)
 t - a wand of roots (9)
 y - a wand of polymorph (10)
Scrolls
 f - a scroll of revelation {unknown}
 i - 2 scrolls of identify {unknown}
 j - a scroll of poison {unknown}
 l - a scroll of immolation {unknown}
 r - a scroll of enchant weapon {unknown}
 u - a scroll of silence {unknown}
 v - a scroll of blinking {unknown}
 w - a scroll of amnesia {unknown}
 z - a scroll of teleportation {unknown}
 B - a scroll of noise {unknown}
 C - a scroll of summoning {unknown}
Potions
 b - 2 potions of might {unknown}
 g - 2 potions of curing {unknown}
 p - a potion of magic {unknown}
 q - a potion of attraction {unknown}
 s - a potion of enlightenment {unknown}
 x - a potion of ambrosia {unknown}
 D - a potion of berserk rage {unknown}


   Skills:
 + Level 4.3 Fighting
 + Level 4.3 Long Blades
 - Level 2.0 Throwing
 + Level 4.3 Dodging


You had 5 spell levels left.
You didn't know any spells.
Your spell library was empty.

Dungeon Overview and Level Annotations

Branches:
Dungeon (5/15)
 Temple: D:4-7

Altars:
Kikubaaqudgha
Makhleb
Okawaru
Ru
Trog

Annotations:
D:5 Dowan


Innate Abilities, Weirdness & Mutations

You have a pair of small horns on your head.
You regenerate a little health from kills.
When seriously injured, your blood forms armour. (AC +6)
Spells you cast may paralyse adjacent enemies.


Message History

Dowan points at you and mumbles some strange words.
The shard of ice hits you!!
* * * LOW HITPOINT WARNING * * *
Things that are here:
a +0 short sword; a +0 leather armour; a wand of polymorph (6)
Found an iron altar of Okawaru.
Dowan hits you with a +0 dagger.
* * * LOW HITPOINT WARNING * * *
You hit Dowan. You headbutt Dowan, but do no damage.
Dowan is lightly wounded.
Dowan points at you and mumbles some strange words.
The shard of ice misses you.
Dowan says, "How can I live without her?"
Dowan barely misses you.
You slash Dowan!
Dowan is heavily wounded.
Dowan hits you but does no damage.
Dowan mumbles some strange words.
Dowan blinks!
Aiming: Corrosive Bolt
Press: ? - help, Shift-Dir - straight line, f - Dowan
Aim: Dowan, wielding a +0 dagger and wearing a +0 robe (heavily wounded, fast, 60% to hit)
The bolt of acid misses Dowan.
Unknown command.
Unknown command.
Aiming: Corrosive Bolt
Press: ? - help, Shift-Dir - straight line, f/p - Dowan
Aim: Dowan, wielding a +0 dagger and wearing a +0 robe (heavily wounded, fast, 60% to hit)
The bolt of acid hits Dowan.
Dowan is severely wounded.
Dowan mumbles some strange words.
Dowan blinks!
Dowan mumbles some strange words.
Dowan blinks!
Aiming: Corrosive Bolt
Press: ? - help, Shift-Dir - straight line, f/p - Dowan
Aim: Dowan, wielding a +0 dagger and wearing a +0 robe (severely wounded, fast, 60% to hit)
The bolt of acid misses Dowan.
Dowan points at you and mumbles some strange words.
The stone arrow hits you!
You die...

#..# ##..
^..._...#..######... ...
#.......#.........## ...
#...... #..####..### ....
.... #..# ##.##
.....####^####..# #..##
#...............# #..##
#...##.......##..####..#.
........@.....#..........
##.((()........####.....
#....e§......## #.....
##...........# #.....
##..........# #.##..
....#..>.....# #.# ##.
.######........... #. .
#...#.....#. . #........#


You could see Dowan (fast).

Vanquished Creatures
  Duvessa (D:5)
  A scorpion (D:5)
  An orc priest (D:3)
  3 orc wizards
  6 adders
  2 dart slugs (D:2)
  5 orcs
  4 ball pythons
  3 endoplasms
  A giant cockroach (D:1)
  6 goblins
  4 hobgoblins
  7 jackals (D:1)
  7 kobolds
  6 quokkas
  4 bats
  3 frilled lizards
  5 rats
69 creatures vanquished.

Notes
Turn   | Place    | Note
-------+----------+-------------------------------------------
     0 | D:1      | grandjackal the Demonspawn Gladiator began the quest for
                  | the Orb.
     0 | D:1      | Reached XP level 1. HP: 16/16 MP: 1/1
   165 | D:1      | Gained mutation: When seriously injured, your blood forms
                  | armour. (AC +6) [demonic ancestry]
   165 | D:1      | Reached XP level 2. HP: 6/22 MP: 2/2
   694 | D:1      | Gained mutation: You have a pair of small horns on your
                  | head. [demonic ancestry]
   694 | D:1      | Reached XP level 3. HP: 28/28 MP: 3/3
  1424 | D:2      | Gained mutation: Spells you cast may paralyse adjacent
                  | enemies. [demonic ancestry]
  1424 | D:2      | Reached XP level 4. HP: 35/35 MP: 4/4
  1864 | D:3      | Found a faded altar of an unknown god.
  1887 | D:3      | Found a sacrificial altar of Ru.
  2063 | D:3      | Found a burning altar of Makhleb.
  2065 | D:3      | Noticed a blizzard demon
  2770 | D:3      | HP: 1/35 [orc priest/+0 club (4)]
  2772 | D:3      | Reached XP level 5. HP: 1/41 MP: 5/5
  3538 | D:4      | Found an ancient bone altar of Kikubaaqudgha.
  3541 | D:4      | Found a bloodstained altar of Trog.
  3554 | D:4      | Identified the +3 ring mail "Azxasin" {Rampage Will+ Int+2
                  | Dex+3}
  3691 | D:5      | Entered Level 5 of the Dungeon
  3727 | D:5      | Gained mutation: You regenerate a little health from kills.
                  | [demonic ancestry]
  3727 | D:5      | Reached XP level 6. HP: 40/48 MP: 6/6
  3829 | D:5      | Noticed Dowan
  3832 | D:5      | Noticed Duvessa
  3840 | D:5      | Killed Duvessa
  3842 | D:5      | Found an iron altar of Okawaru.
  3847 | D:5      | Killed from afar by Dowan

Illustrated notes

Levels and vault maps discovered:
D:1:      lightli_arrival_lavapool, layout_loops_ring, minmay_tetromino_s2
D:2:      layout_loops_ring
D:3:      layout_basic, makhleb_altar_promises_db,
          nicolae_ru_sacrificial_ziggurat, ebering_ecumenical_altar_mist,
          nicolae_hexahallways, hangedman_decor_opposing, item_on_display_b
D:4:      layout_loops_cross, nicolae_overflow_squiral
D:5:      layout_layer_cave, lemuel_tele_altar, uniq_duvessa

Skill      XL: |  1  2  3  4  5 |
---------------+----------------+-----
Throwing       | 2 |  2.0
Dodging        | 3 4 |  4.3
Long Blades    | 3 4 |  4.3
Fighting       | 3 4 |  4.3

Action                     |  1- 3 |  4- 6 || total
---------------------------+-------+-------++-------
  Melee: Long sword        |   106 |    64 ||   170
         Punch             |     1 |       ||     1
         Headbutt          |     6 |    14 ||    20
         Dagger            |       |    34 ||    34
  Throw: Javelin           |       |     1 ||     1
         Dart              |       |     5 ||     5
  Evoke: Wand              |       |     3 ||     3
   Stab: Sleeping          |     1 |       ||     1
 Armour: Leather armour    |    29 |       ||    29
         Ring mail         |    30 |    71 ||   101
  Dodge: Dodged            |    85 |    49 ||   134

Table legend: (Time is in decaauts)
 A = Elapsed time spent in this place.
 B = Non-inter-level travel time spent in this place.
 C = Inter-level travel time spent in this place.
 D = Time resting spent in this place.
 E = Time spent auto-exploring this place.
 F = Levels seen in this place.
 G = Mean time per level.
                   A        B        C        D        E       F      G
               +--------+--------+--------+--------+--------+-----+--------+
         Total |   3885 |   3786 |     99 |    526 |   2701 |   5 |  777.0 |
       Dungeon |   3885 |   3786 |     99 |    526 |   2701 |   5 |  777.0 |
               +--------+--------+--------+--------+--------+-----+--------+

Top non-repeatable levels by time:
     D:3: 1300 daAuts
     D:1: 867 daAuts
     D:2: 855 daAuts
     D:4: 705 daAuts
     D:5: 157 daAuts
